Map: Eternal Empire LE

Players

A.I. 1 (Very Easy) - Winner!

  • Race: Zerg Zerg
  • Spawn Location: 1:00

noFreeWill

  • Race: Zerg Zerg
  • League: Master
  • Spawn Location: 7:00

VOD

Have the link to the VOD?

Description

Time

  • Played on: Feb. 17, 2020, 4:28 p.m.
  • Length: 3:37
Show
View Real Time Build Order
Export as new Build Order

A.I. 1 (Very Easy) Zerg - Winner!

Build Orders: Pool Only 

Get SALT Encoding   

  12  0:01  Drone  
  13  0:12  Overlord  
  13  0:16  Drone  
  14  0:36  Spawning Pool  
  14  0:39  Extractor, Drone  
  13  0:47  Drone  
  14  0:53  Overlord  
  14  1:23  Zergling x2, Queen  
  17  1:31  Roach Warren  
  16  1:34  Drone  
  16  1:38  Extractor  
  16  1:42  Drone  
  17  1:53  Zergling x2  
  18  2:01  Drone  
  19  2:08  Drone  
  20  2:17  Drone  
  21  2:23  Zergling x2  
  21  2:28  Overlord  
  22  2:31  Drone  
  23  2:38  Drone  
  24  2:45  Drone  
  25  2:54  Roach  
Show
View Real Time Build Order
Export as new Build Order

noFreeWill Zerg 

Build Orders: Hatch First 

Get SALT Encoding   

  12  0:02  Drone  
  13  0:12  Overlord  
  13  0:17  Drone  
  14  0:30  Drone  
  14  0:31  Drone  
  16  0:48  Hatchery  
  15  0:52  Drone  
  15  0:55  Drone  
  17  0:59  Drone  
  18  1:09  Extractor  
  17  1:14  Spawning Pool  
  17  1:17  Drone  
  17  1:20  Drone  
  18  1:28  Drone  
  19  1:39  Drone  
  20  1:50  Overlord  
  20  2:01  Queen x2  
  22  2:02  Zergling x4  
  26  2:11  Drone x2  
  26  2:12  Metabolic Boost  
  29  2:22  Drone  
  29  2:23  Drone  
  30  2:35  Hatchery  
  29  2:42  Overlord  
  29  2:45  Drone x2  
  29  2:48  Drone  
  32  2:57  Drone x2  
  34  3:05  Drone x2  
  36  3:09  Overlord  
  36  3:14  Drone x5  
  36  3:18  Drone  
Tags
 
Add a new tag
Caveats
  • Supply blocks, unpowered buildings, or Contaminate may cause inaccurate times.
  • Supply counts are checked every 10 seconds.